 Dungeon Crawl Stone Soup version bcrawl-1.40.2 (webtiles) character file.

Game seed: 15137962782587998087

111291 Queen the Stinger (level 5, 0/38 HPs)
             Began as a Draconian Venom Mage on Nov 19, 2023.
             Slain by Blork the orc
             ... wielding a +0 mace
              (4 damage)
             ... on level 4 of the Dungeon.
             The game lasted 00:12:03 (4045 turns).

Queen the Stinger (Draconian Venom Mage)            Turns: 4045, Time: 00:12:03

Health: 0/38       AC:  7    Str: 11    XL:     5   Next: 45%
Magic:  2/9        EV: 13    Int: 15    God:
Gold:   275        SH:  0    Dex: 12    Spells: 0/10 levels left

rFire    . . .     GDR:     24% a - +1 short sword
rCold    . . .     SeeInvis .   (no shield)
rNeg     . . .     Gourm    .   (armour unavailable)
rPois    .         Faith    .   r - +1 hat
rElec    .         Spirit   .   (no cloak)
rCorr    .         Reflect  .   (no gloves)
MR       .....                  j - +0 pair of boots (curse)
Stlth    ++++......             (no amulet)
HPRegen  0.16/turn              o - ring of stealth
MPRegen  0.11/turn              (no ring)

@: no status effects
A: unfitting armour, cold-blooded, AC +5
a: no special abilities


You were on level 4 of the Dungeon.
You were not hungry.

You visited 1 branch of the dungeon, and saw 4 of its levels.

You collected 275 gold pieces.

Inventory:

Hand Weapons
 a - a +1 short sword (weapon)
 v - the +6 mace of the Foot {protect, *Slow rN+ MR+ Stlth+, unknown}
   (You found it on level 4 of the Dungeon)

   It grants its wielder temporary protection when it strikes (+7 to AC).
   It protects you from negative energy.
   It affects your resistance to hostile enchantments.
   It may slow you when you take damage.
   It makes you more stealthy.
Armour
 j - a cursed +0 pair of boots (worn)
 r - a +1 hat (worn)
Jewellery
 o - a ring of stealth (left hand)
Scrolls
 f - a scroll of enchant weapon
 g - a scroll of blinking {unknown}
 h - a scroll of immolation {unknown}
 i - 3 scrolls of identify {@r1}
 l - a scroll of noise {unknown}
 m - 3 scrolls of teleportation {unknown}
 n - a scroll of fog {unknown}
 u - 2 scrolls of enchant armour {unknown}
Potions
 b - a potion of berserk rage
 c - a potion of degeneration
 d - 2 potions of might {unknown}
 k - a potion of flight {unknown}
 p - a potion of resistance {unknown}
 q - a potion of agility {unknown}
 s - a potion of lignification {unknown}
 t - a potion of cancellation {unknown}
Comestibles
 e - 13 rations {!d}


   Skills:
 + Level 3.0 Dodging
 + Level 3.3 Stealth
 + Level 3.1 Spellcasting
 - Level 1.0 Conjurations
 + Level 4.0 Poison Magic


You couldn't memorise any spells.
You knew the following spells:

 Your Spells              Type           Power        Failure   Level  Hunger
a - Olgreb's Toxic Radia  Pois           ##.......    36%         4    #####..
i - Ignite Poison         Fire/Tmut/Pois #.......     34%         3    ####...
q - Sting                 Conj/Pois      #...         7%          1    None
v - Poisonous Vapours     Pois/Air       #.....       13%         2    #......

Your spell library contained the following spells:

 Spells                   Type           Power        Failure   Level  Hunger
 Summon Scorpions         Summ/Pois      #.......     65%         4    #####..
 Venom Bolt               Conj/Pois      #.........   89%         5    ######.


Dungeon Overview and Level Annotations

Branches:
Dungeon (4/12)
 Temple: D:4-7

Altars:
Ashenzari
Fedhas
Hepliaklqana
Nemelex Xobeh
Vehumet

Shops:
D:4 (

Annotations:
D:4 exclusion: crocodile, Blork the orc


Innate Abilities, Weirdness & Mutations

Your plain brown scales are hard. (AC +5)
You cannot fit into any form of body armour.
You are cold-blooded and may be slowed by cold attacks.


Message History

The puff of flame hits you!
* * * LOW HITPOINT WARNING * * *
Blork the orc miscasts a cantrip.
Blork the orc screams, "Die!"
Blork the orc casts a spell.
Blork the orc flickers and vanishes!
Deactivating autopickup; reactivate with Ctrl-A.
Your magical contamination has completely faded away.
A magic dart appears from out of thin air!
The magic dart hits you!
* * * LOW HITPOINT WARNING * * *
A puff of frost appears from out of thin air!
The puff of frost hits you!
* * * LOW HITPOINT WARNING * * *
Okay, then.
As you read the scroll labeled CAHOYJ LIATIF, it crumbles to dust.
It is a scroll of enchant weapon.
Your +0 short sword glows red for a moment.
Something hits you.
You die...

................#..........#.####
..........#.....#..#.......#.#
..........>...........###..#.#
...........................#.####
........###.....#.##..####.......
..#.##..###.....#.##..# #.#.....
..#.#....##...#.#.##..####.#.####
..............#.#.##.##......####
....#...........@................
....#..#.##...###.##.#.####.####.
....#..#>##...# #.##.#.##.....##.
..............###.##.#.#.......#.
....#..#.###....#.##...#.......#.
..........................._.....
.##.#..#.###..###....#.#.......#.
<##.#.##.###.....##..#.#.......#.
.##.#.##.........##..#.##.....##.


There were no monsters in sight!

Vanquished Creatures
  A crimson imp (D:4)
  An iguana (D:4)
  4 gnolls (D:2)
  An adder (D:4)
  An ooze (D:2)
  2 adder skeletons (D:4)
  4 worms
  3 dart slugs
  4 leopard geckos (D:2)
  5 orcs
  A bat (D:1)
  A giant cockroach (D:1)
  4 goblins
  6 hobgoblins
  7 jackals
  2 ball pythons (D:2)
  2 frilled lizards (D:3)
  A jackal skeleton (D:4)
  6 kobolds
  A rat (D:1)
57 creatures vanquished.

Notes
Turn   | Place    | Note
-------+----------+-------------------------------------------
     0 | D:1      | Queen the Draconian Venom Mage began the quest for the Orb.
     0 | D:1      | Reached XP level 1. HP: 14/14 MP: 3/3
   228 | D:1      | Reached XP level 2. HP: 12/20 MP: 1/5
   258 | D:1      | Learned a level 2 spell: Poisonous Vapours
   952 | D:2      | Reached XP level 3. HP: 25/26 MP: 0/6
  1163 | D:2      | Learned a level 3 spell: Ignite Poison
  1336 | D:2      | Reached XP level 4. HP: 33/33 MP: 5/7
  2572 | D:3      | Found a hazy altar of Hepliaklqana.
  2572 | D:3      | Found a shattered altar of Ashenzari.
  2941 | D:4      | Noticed a phantom
  3119 | D:4      | Found a sparkling altar of Nemelex Xobeh.
  3202 | D:4      | Noticed Blork the orc
  3290 | D:4      | Reached XP level 5. HP: 36/38 MP: 6/9
  3295 | D:4      | Learned a level 4 spell: Olgreb's Toxic Radiance
  3301 | D:4      | Got a bloodstained mace
  3376 | D:4      | Found Diongir's Weapon Shoppe.
  3397 | D:4      | Noticed a crocodile
  3468 | D:4      | Found a blossoming altar of Fedhas.
  3468 | D:4      | Found a radiant altar of Vehumet.
  3562 | D:4      | Reached skill level 4 in Poison Magic
  4045 | D:4      | Slain by Blork the orc

Skill      XL: |  1  2  3  4  5 |
---------------+----------------+-----
Dodging        | 2 3 |  3.0
Stealth        | 3 |  3.3
Spellcasting   | 3 |  3.1
Poison Magic   | 4 |  4.0
Conjurations   | |  1.0

Action                   |  1- 3 |  4- 6 || total
-------------------------+-------+-------++-------
Melee: Unarmed           |    29 |       ||    29
       Tailslap          |     5 |     8 ||    13
       Short sword       |    19 |    54 ||    73
 Cast: Sting             |    44 |    69 ||   113
       Poisonous Vapours |       |     3 ||     3
  Use: Scroll            |       |     1 ||     1
 Stab: Sleeping          |     1 |     3 ||     4
  Eat: Chunk             |     4 |     8 ||    12
       Ration            |       |     1 ||     1
Armor: Skin              |    14 |    17 ||    31
Dodge: Dodged            |    41 |    38 ||    79
